 Dungeon Crawl Stone Soup version 0.20-a0-494-gf50ee04 (webtiles) character file.

44 rageheart7 the Skirmisher (level 3, 0/31 HPs)
             Began as a Demigod Wanderer on Jan 15, 2017.
             Succumbed to Sigmund's poison
             ... on level 3 of the Dungeon on Jan 18, 2017.
             The game lasted 00:04:43 (1716 turns).

rageheart7 the Skirmisher (Demigod Wanderer)        Turns: 1716, Time: 00:04:43

Health: 0/31       AC:  3    Str: 15    XL:     3   Next: 22%
Magic:  4/8        EV: 11    Int: 18    God:
Gold:   88         SH:  0    Dex: 15    Spells: 4/5 levels left

rFire    . . .     SeeInvis .   o - +0 mace (curse)
rCold    . . .     Gourm    .   e - +0 robe
rNeg     . . .     Faith    .   (no shield)
rPois    .         Spirit   .   (no helmet)
rElec    .         Reflect  .   (no cloak)
rCorr    .         Harm     .   (no gloves)
MR       .....                  h - +0 pair of boots
Stlth    +.........             (no amulet)
Regen    0.1/turn               (no ring)
                                (no ring)

@: lethally poisoned (0 -> -9)
A: high mp 1
a: no special abilities


You were on level 3 of the Dungeon.
You were not hungry.

You visited 1 branch of the dungeon, and saw 3 of its levels.

You collected 88 gold pieces.

Inventory:

Hand Weapons
 b - a +2 blowgun
 d - a +0 falchion
 l - a +6 short sword
 o - a cursed +0 mace (weapon)
Missiles
 a - 2 curare-tipped needles
Armour
 e - a +0 robe (worn)
 h - a +0 pair of boots (worn)
Jewellery
 j - an uncursed ring of protection from fire {unknown}
Books
 c - the Incunabulum of Ignition

   Spells                             Type                      Level
   a - Flame Tongue                   Conjuration/Fire             1
   b - Inner Flame                    Hexes/Fire                   3
Comestibles
 f - a bread ration
 g - a beef jerky
 i - a meat ration


   Skills:
 - Level 3.6 Fighting
 - Level 1.0 Long Blades
 - Level 0.3 Maces & Flails
 - Level 1.0 Throwing
   Level 1.0 Shields
 - Level 1.7 Spellcasting
 + Level 2.3 Conjurations
 + Level 1.5 Fire Magic


You had 4 spell levels left.
You knew the following spells:

 Your Spells              Type           Power        Failure   Level  Hunger
a - Flame Tongue          Conj/Fire      #....        12%         1    #......


Dungeon Overview and Level Annotations

Branches:
Dungeon (3/15)

Annotations:
D:3 Sigmund


Innate Abilities, Weirdness & Mutations

You have an increased reservoir of magic. (+10% MP)


Message History

* * * LOW HITPOINT WARNING * * *
You are lethally poisoned!
Casting: Flame Tongue
Confirm with . or Enter, or press ? or * to list all spells.
Aiming: Flame Tongue
Press: ? - help, Shift-Dir - straight line, f/p - Sigmund
Aim: Sigmund, wielding a scythe of venom and wearing a robe (lightly wounded)
The flame tongue hits Sigmund.
Sigmund is lightly wounded.
* * * LOW HITPOINT WARNING * * *
You feel sick.
A bat comes into view.
Casting: Flame Tongue
Confirm with . or Enter, or press ? or * to list all spells.
Aiming: Flame Tongue
Press: ? - help, Shift-Dir - straight line, f/p - Sigmund
Aim: Sigmund, wielding a scythe of venom and wearing a robe (lightly wounded)
The flame tongue hits Sigmund.
Sigmund is moderately wounded.
You die...

..............#.###....
. ..............#.#
.............##.#.
#...........##(...
.####..#..........
#......##...#.
###..#......###
.....#.#.####
.......@..# #.>.....@.#
#.........# ###...##.##
#.#. #.# #.#. #.# . .
..! . . .b. ...


You could see Sigmund and a bat.

Vanquished Creatures
  3 dart slugs
  A leopard gecko (D:2)
  A giant cockroach (D:1)
  9 goblins
  3 hobgoblins
  2 ball pythons
  3 bats
  2 frilled lizards (D:2)
  5 kobolds
  6 rats
35 creatures vanquished.

Notes
Turn   | Place    | Note
-------+----------+-------------------------------------------
     0 | D:1      | rageheart7 the Demigod Wanderer began the quest for the Orb.
     0 | D:1      | rageheart7 set off with: 2 curare-tipped needles, a +2 blowgun, the Incunabulum of Ignition, a +0 falchion, a +0 robe, a bread ration
     0 | D:1      | Reached XP level 1. HP: 19/19 MP: 5/5
     0 | D:1      | Identified the Incunabulum of Ignition
     2 | D:1      | Learned a level 1 spell: Flame Tongue
   533 | D:1      | Reached XP level 2. HP: 19/26 MP: 5/7
   607 | D:1      | Reached skill level 1 in Fire Magic
  1040 | D:2      | Found a snail-covered altar of Cheibriados.
  1287 | D:2      | Upgraded the game from 0.20-a0-492-g6327889 to 0.20-a0-494-gf50ee04
  1354 | D:2      | Reached XP level 3. HP: 25/31 MP: 8/8
  1528 | D:3      | Found a radiant altar of Vehumet.
  1705 | D:3      | Noticed Sigmund
  1715 | D:3      | HP: 1/31 [poisoned by Sigmund]
  1716 | D:3      | Succumbed to Sigmund's poison

Vault maps used:
D:1:      dpeg_arrival_signposts, minmay_misc_feat_nine_boxes, minmay_liquid_box
D:2:      kennysheep_six_static_rooms, kennysheep_slug_shrine
D:3:      nicolae_overflow_crystal_walls, old_standard_altar, uniq_iyjb,
          uniq_crazy_yiuf_cottage, uniq_grinder, uniq_sigmund

Skill      XL: |  1  2 |
---------------+-------+-----
Fire Magic     | 1 |  1.5
Conjurations   | 2 |  2.3
Fighting       | |  3.6
Long Blades    | |  1.0
Maces & Flails | |  0.3
Throwing       | |  1.0
Shields        | |  1.0
Spellcasting   | |  1.7

Action                   || total
-------------------------++-------
Melee: Falchion          ||    37
       Mace              ||    40
 Cast: Flame Tongue      ||    26
  Use: Scroll            ||     5
       Potion            ||     1
 Stab: Sleeping          ||     1
  Eat: Chunk             ||     3
Armor: Robe              ||    16
Dodge: Dodged            ||    66
       Rpst.: Falchion   ||    11
